 Dungeon Crawl Stone Soup version 0.29.0-4-gdea44cf6ec (webtiles) character file.

Game seed: 11591880631807024709

178 qw the Chopper (level 5, -5/30 HPs)
             Began as a Tengu Warper on Aug 28, 2022.
             Slain by a shadow (9 damage)
             ... on level 5 of the Dungeon.
             The game lasted 00:00:21 (3459 turns).

qw the Chopper (Tengu Warper)                       Turns: 3459, Time: 00:00:22

Health: -5/30      AC:  8    Str: 19    XL:     5   Next: 58%
Magic:  9/9        EV:  9    Int: 13    God:
Gold:   169        SH:  0    Dex: 14    Spells: 8/8 levels left

rFire   + . .      SeeInvis .   Y - +1 war axe (chaos)
rCold   . . .      Faith    .   (no shield)
rNeg    . . .      Spirit   .   j - +0 chain mail
rPois   .          Reflect  .   (helmet restricted)
rElec   .          Harm     .   (no cloak)
rCorr   .          Rampage  .   (no gloves)
Will    .....                   (boots unavailable)
Stlth   ..........              g - amulet of the acrobat
HPRegen 0.10/turn               c - +6 ring of strength
MPRegen 0.11/turn               d - ring of protection from fire

@: mighty, flying quickly and evasively, quick
A: beak, talons 3, nimble flight
a: no special abilities


You were on level 5 of the Dungeon.
You visited 1 branch of the dungeon, and saw 5 of its levels.

You collected 169 gold pieces.


Innate Abilities, Weirdness & Mutations

You have a beak for a mouth.
You have claws for feet.
Your magical nature lets you fly swiftly and evasively.


   Skills:
 - Level 2.0 Fighting
 - Level 6.1 Axes
 - Level 1.0 Throwing
 + Level 1.3 Armour
 - Level 2.1 Dodging
 - Level 2.0 Spellcasting
 - Level 2.4 Translocations


You had 8 spell levels left.
You didn't know any spells.
Your spell library contained the following spells:

 Spells                   Type           Power      Damage    Failure   Level
 Blink                    Tloc           14%        N/A       88%         2
 Gell's Gravitas          Tloc           7%         N/A       98%         3
 Lesser Beckoning         Tloc           7%         N/A       98%         3
 Teleport Other           Tloc           7%         N/A       98%         3
 Manifold Assault         Tloc           7%         N/A       100%        5

Inventory:

Hand Weapons
 e - a +0 flail
 Y - a +1 war axe of chaos (weapon)
Armour
 j - a +0 chain mail (worn)
Jewellery
 a - a ring of willpower
 c - a +6 ring of strength (left hand)
 d - a ring of protection from fire (right hand)
 g - an amulet of the acrobat (around neck)
Scrolls
 h - a scroll of identify
 o - 2 scrolls of teleportation
Potions
 b - 2 potions of curing
 k - a potion of heal wounds
 m - a potion of invisibility {unknown}
 p - 2 potions of might

Dungeon Overview and Level Annotations

Branches:
Dungeon (5/15)
 Temple: D:4-7

Altars:
Dithmenos
Ru


Message History

(D) Dungeon
Where to? (* - list waypoints, Enter - D:4, ? - help)
What level of the Dungeon? (default 1, ? - help)
There is a stone staircase leading up here.
There is a stone staircase leading down here.
You fly downwards.
Found a large marble ring and 10 gold pieces.
Found a stone staircase leading down and a stone staircase leading up.
There is a stone staircase leading up here.
Existing waypoints: (1) D:4 (2) D:3 Assign waypoint to what number? (0-9, D - delete waypoint) Waypoint 2 re-assigned from D:3 to D:5.
Enter note:
a - a ring of willpower A shadow comes into view.
You see here 10 gold pieces.
The shadow slips into darkness.
The shadow flickers and vanishes!
Deactivating autopickup; reactivate with Ctrl-A.
You swing at nothing.
You barely miss something. Your kick misses something.
The shadow strikes at you from the darkness!
Ouch! That really hurt!
Reactivating autopickup.
You completely miss the shadow. You claw the shadow!
The shadow is heavily damaged.
The shadow slips into darkness.
The shadow flickers and vanishes!
Deactivating autopickup; reactivate with Ctrl-A.
You hit something. You claw something!
The shadow strikes at you from the darkness!
Reactivating autopickup.
A black bear comes into view.
The shadow slips into darkness.
The shadow flickers and vanishes!
Deactivating autopickup; reactivate with Ctrl-A.
3459 ||| FLEEEEING.
The shadow strikes at you from the darkness!
You die...

.....h. ......
..... .... ... ..
#.## #.# #{.#
##..# ..
#@.##..... ...
##......# #..#
#......## ?.
#...##....>..#...
.................
.........<.......
..........#.#....
.........##.... .
.......#.# ...#


You could see a black bear (wandering).

Vanquished Creatures
  A scorpion (D:4)
  An iguana (D:4)
  2 adders
  3 worms (D:3)
  2 dart slugs
  9 ball pythons
  6 bats
  6 endoplasms
  3 giant cockroaches
  9 goblins
  4 hobgoblins
  4 kobolds
  2 quokkas
  4 frilled lizards
  6 rats
62 creatures vanquished.

Vanquished Creatures (others)
  2 plants (D:3)
2 creatures vanquished.

Grand Total: 64 creatures vanquished

Notes
Turn   | Place    | Note
-------+----------+-------------------------------------------
     0 | D:1      | qw the Tengu Warper began the quest for the Orb.
     0 | D:1      | Reached XP level 1. HP: 12/12 MP: 4/4
     0 | D:1      | 0 ||| qw: Version: 0.1-a-89-g26bdef1
     0 | D:1      | 0 ||| qw: Game counter: 1857
     0 | D:1      | 0 ||| qw: Always use a shield: true
     0 | D:1      | 0 ||| qw: God list: Okawaru
     0 | D:1      | 0 ||| qw: Allow faded altars: false
     0 | D:1      | 0 ||| qw: Do Orc after D:15 true
     0 | D:1      | 0 ||| qw: Do second Lair branch before Depths: true
     0 | D:1      | 0 ||| qw: Lair rune preference: random
     0 | D:1      | 0 ||| qw: Plans: Normal
     0 | D:1      | 0 ||| PLANNING D:1-11
   211 | D:1      | Reached XP level 2. HP: 17/17 MP: 6/6
   232 | D:1      | Reached skill level 3 in Axes
   416 | D:1      | 416 ||| DROPPING +0 club.
   518 | D:1      | 518 ||| UPGRADING to +2 robe of positive energy.
   528 | D:1      | 528 ||| DROPPING +0 leather armour.
   529 | D:1      | 529 ||| UPGRADING to +0 ring mail.
   539 | D:1      | 539 ||| DROPPING +2 robe of positive energy.
   540 | D:1      | 540 ||| UPGRADING to +0 chain mail.
   550 | D:1      | 550 ||| DROPPING +0 ring mail.
   551 | D:1      | 551 ||| UPGRADING to amulet of the acrobat.
   556 | D:1      | 556 ||| READING 2 scrolls labelled TAOVIFANUV.
   557 | D:1      | 557 ||| READING scroll of enchant weapon.
   557 | D:1      | 557 ||| ENCHANTING +1 hand axe.
   558 | D:1      | 558 ||| READING scroll labelled IVYBUC MUTTOTRISEB.
   659 | D:1      | 659 ||| READING 4 scrolls labelled RIWKAU LETHRI.
   660 | D:1      | 660 ||| READING 3 scrolls of identify.
   660 | D:1      | 660 ||| IDENTIFYING black potion
   661 | D:1      | 661 ||| DROPPING scroll of blinking.
   662 | D:1      | 662 ||| DROPPING potion of magic.
   699 | D:2      | 699 ||| STAIRDANCE
   924 | D:2      | Reached XP level 3. HP: 21/21 MP: 7/7
   931 | D:2      | 931 ||| Stepping ~*~*~tactically~*~*~ (stealth).
   955 | D:2      | 955 ||| Stepping ~*~*~tactically~*~*~ (stealth).
   998 | D:2      | Reached skill level 4 in Axes
  1145 | D:2      | 1145 ||| Stepping ~*~*~tactically~*~*~ (stealth).
  1146 | D:2      | 1146 ||| Stepping ~*~*~tactically~*~*~ (stealth).
  1231 | D:2      | 1231 ||| READING scroll of enchant weapon.
  1231 | D:2      | 1231 ||| ENCHANTING +2 hand axe.
  1474 | D:2      | 1474 ||| UPGRADING to +6 ring of strength.
  1475 | D:2      | 1475 ||| READING scroll labelled UDEZIS USTANO.
  1476 | D:2      | 1476 ||| READING 2 scrolls of identify.
  1476 | D:2      | 1476 ||| IDENTIFYING fizzy black potion
  1477 | D:2      | 1477 ||| DROPPING potion of flight.
  1507 | D:3      | Found a faded altar of an unknown god.
  1513 | D:3      | Reached XP level 4. HP: 22/26 MP: 8/8
  1514 | D:3      | 1514 ||| FLEEEEING.
  1515 | D:3      | 1515 ||| FLEEEEING.
  1516 | D:3      | 1516 ||| FLEEEEING.
  1517 | D:3      | 1517 ||| FLEEEEING.
  1521 | D:3      | 1521 ||| FLEEEEING.
  1624 | D:3      | 1624 ||| SWAPPING to +0 war axe.
  1625 | D:3      | 1625 ||| DROPPING +3 hand axe.
  1781 | D:3      | 1781 ||| Stepping ~*~*~tactically~*~*~ (stealth).
  1812 | D:3      | 1812 ||| Stepping ~*~*~tactically~*~*~ (stealth).
  1821 | D:3      | Found a shadowy altar of Dithmenos.
  1831 | D:3      | 1831 ||| READING scroll of enchant weapon.
  1831 | D:3      | 1831 ||| ENCHANTING +0 war axe.
  1833 | D:3      | Found a sacrificial altar of Ru.
  1935 | D:3      | Reached skill level 5 in Axes
  2336 | D:3      | 2336 ||| DROPPING +3 scale mail.
  2337 | D:3      | 2337 ||| DROPPING amulet of magic regeneration.
  2338 | D:3      | 2338 ||| READING scroll labelled COOHORH MUTU.
  2339 | D:3      | 2339 ||| READING scroll labelled ANAPYE BIAQYAL.
  2340 | D:3      | 2340 ||| READING 2 scrolls labelled ASYALO ECWUX.
  2344 | D:3      | 2344 ||| DRINKING 3 glowing clear potions.
  2384 | D:3      | 2384 ||| READING 2 scrolls of identify.
  2384 | D:3      | 2384 ||| IDENTIFYING murky amethyst potion
  2385 | D:3      | 2385 ||| DROPPING potion of attraction.
  2386 | D:3      | 2386 ||| DROPPING 2 potions of lignification.
  2404 | D:4      | Noticed a scorpion
  2416 | D:4      | Killed a scorpion
  2417 | D:4      | Gained mutation: Your magical nature lets you fly swiftly
                  | and evasively. [Tengu growth]
  2417 | D:4      | Reached XP level 5. HP: 15/30 MP: 9/9
  2746 | D:4      | Identified the +1 helmet of Hyini {rC+ rN+ Str-3 Dex+3}
  2819 | D:4      | Reached skill level 6 in Axes
  3048 | D:4      | 3048 ||| Stepping ~*~*~tactically~*~*~ (hiding).
  3177 | D:4      | 3177 ||| DROPPING +0 whip.
  3396 | D:4      | 3396 ||| UPGRADING to ring of protection from fire.
  3397 | D:4      | 3397 ||| READING scroll labelled QUMO FOEPTE.
  3398 | D:4      | 3398 ||| DRINKING 3 red potions.
  3399 | D:4      | 3399 ||| DRINKING 3 white potions.
  3400 | D:4      | 3400 ||| READING 2 scrolls of identify.
  3400 | D:4      | 3400 ||| IDENTIFYING sedimented brown potion
  3439 | D:5      | Entered Level 5 of the Dungeon
  3449 | D:5      | Noticed a shadow
  3458 | D:5      | HP: 4/30 [something (9)]
  3458 | D:5      | Noticed a black bear
  3459 | D:5      | 3459 ||| FLEEEEING.
  3459 | D:5      | Slain by a shadow

Levels and vault maps discovered:
D:1:      dpeg_arrival_radiant, layout_rooms, serial_bayou_pond_a,
          wad_floor_pattern_2
D:2:      layout_rooms
D:3:      layout_basic, grunt_temple_overflow_open,
          chequers_ecumenical_altar_island, minmay_misc_feat_five,
          serial_bayou_lake_a
D:4:      cheibrodos_quashed, layout_cave_pods
D:5:      layout_cave_pools

Skill      XL: |  1  2  3  4  5 |
---------------+----------------+-----
Axes           | 3 4 5 6 |  6.1
Fighting       | |  2.0
Throwing       | |  1.0
Armour         | |  1.3
Dodging        | |  2.1
Spellcasting   | |  2.0
Translocations | |  2.4

Action                   |  1- 3 |  4- 6 || total
-------------------------+-------+-------++-------
Melee: Hand axe          |    81 |     4 ||    85
       Kick              |    16 |     9 ||    25
       Peck              |     4 |    10 ||    14
       War axe           |       |    45 ||    45
       Punch             |       |     1 ||     1
Throw: Boomerang         |     7 |       ||     7
  Use: Scroll            |     8 |     7 ||    15
       Potion            |       |     3 ||     3
Armor: Leather armour    |     9 |       ||     9
       Chain mail        |    22 |    14 ||    36
Dodge: Dodged            |    26 |    13 ||    39

Table legend:
 A = Non-vault XP
 B = Vault XP
 C = Vault XP percentage of total XP
 D = Non-vault monster count
 E = Vault monster count
 F = Vault count percentage of total count
                 A         B        C        D         E       F
            +---------+---------+-------+---------+---------+-------
      Total |     255 |       0 |   0.0 |      62 |       0 |   0.0
            +---------+---------+-------+---------+---------+-------
        D:1 |      30 |       0 |   0.0 |      15 |       0 |   0.0
        D:2 |      47 |       0 |   0.0 |      25 |       0 |   0.0
        D:3 |      42 |       0 |   0.0 |      14 |       0 |   0.0
        D:4 |     136 |       0 |   0.0 |       8 |       0 |   0.0
            +---------+---------+-------+---------+---------+-------
